 Dungeon Crawl Stone Soup version 0.28-a0-258-g8de209e91f (webtiles) character file.

Game seed: 12318816749325142065

849 robertstho the Magician (level 8, -9/50 HPs)
             Began as a Djinni Fire Elementalist on Aug 26, 2021.
             Mangled by an orc warrior (20 damage)
             ... in a bailey.
             The game lasted 00:08:15 (6075 turns).

robertstho the Magician (Djinni Fire Elementalist)  Turns: 6075, Time: 00:08:16

Health: -9/50      AC:  3    Str:  7    XL:     8   Next: 21%
Gold:   248        EV: 13    Int: 25    God:
                   SH:  0    Dex: 14

rFire   + + .      SeeInvis .   l - +2 dagger (venom)
rCold   x . .      Faith    .   (no shield)
rNeg    . . .      Spirit   .   a - +0 robe
rPois   ∞          Reflect  .   (no helmet)
rElec   .          Harm     .   i - +0 cloak
rCorr   .          Rampage  .   (no gloves)
Will    .....                   (boots unavailable)
Stlth   ++........              (no amulet)
HPRegen 0.16/turn               b - +6 ring of intelligence
MPRegen 0.00/turn               m - +4 ring of slaying

@: flying
A: sickness immunity, fire resistance 2, cold vulnerability 1, float, innate
caster, hp casting, extra vitality 1
a: no special abilities


You were in a bailey.
You visited 1 branch of the dungeon, and saw 5 of its levels.
You also visited: Bailey.

You collected 248 gold pieces.

Inventory:

Hand Weapons
 d - a +0 dagger of protection
 l - a +2 dagger of venom (weapon)
Armour
 a - a +0 robe (worn)
 i - a +0 cloak (worn)
Magical Staves
 h - a staff of air
Jewellery
 b - a +6 ring of intelligence (left hand)
 k - a +6 ring of strength
 m - a +4 ring of slaying (right hand)
 n - a ring of protection from cold
Scrolls
 g - a scroll of teleportation
 j - a scroll of brand weapon
Potions
 e - a potion of flight {unknown}
 f - 2 potions of curing {unknown}
 o - a potion of heal wounds {unknown}


   Skills:
 + Level 0.3 Fighting
 + Level 1.2 Short Blades
 + Level 3.2 Dodging
 + Level 2.7 Stealth
 + Level 6.4 Spellcasting


You couldn't memorise any spells.
You knew the following spells:

 Your Spells              Type           Power      Damage    Failure   Level
a - Foxfire               Conj/Fire      100%       2x1d9     1%          1
b - Conjure Flame         Conj/Fire      40%        6-21      1%          3
c - Inner Flame           Hex/Fire       40%        N/A       1%          3
d - Sticky Flame          Conj/Fire      40%        2d6       4%          4
e - Fireball              Conj/Fire      20%        3d10      14%         5
f - Pain                  Necr           100%       1d9       1%          1
g - Blink                 Tloc           N/A        N/A       1%          2
h - Spider Form           Tmut/Pois      20%        N/A       1%          3
Your spell library was empty.

Dungeon Overview and Level Annotations

Branches:
Dungeon (7/15)             Bailey (1/1)
 Temple: D:4-7

Altars:
Elyvilon


Innate Abilities, Weirdness & Mutations

You are immune to sickness and miasma.
You are immune to poison.
Your flesh is very heat resistant. (rF++)
You are vulnerable to cold. (rC-)
You float through the air rather than walking.
You learn spells naturally, not from books.
Your magical power is your life essence.
You have superior vitality. (+4 HP)


Message History

Press: ? - help, Q - select action, (/) - cycle Dir - look around, f - activate You conjure some foxfire!
The foxfire hits the orc but does no damage.
The orc is moderately wounded.
The foxfire hits the orc.
The orc is almost dead.
An orc warrior comes into view. It is wielding a +0 halberd.
Casting: Foxfire (safe; 1% risk of failure)
Press: ? - help, Q - select action, (/) - cycle Dir - look around, f - activate You conjure some foxfire!
The foxfire hits the orc but does no damage.
The orc is almost dead.
The foxfire hits the orc!
You kill the orc!
Casting: Foxfire (safe; 1% risk of failure)
Press: ? - help, Q - select action, (/) - cycle Dir - look around, f - activate You conjure some foxfire!
The foxfire hits the orc warrior.
The orc warrior is lightly wounded.
The foxfire hits the orc warrior!
The orc warrior is heavily wounded.
Casting: Foxfire (safe; 1% risk of failure)
Press: ? - help, Q - select action, (/) - cycle Dir - look around, f - activate You conjure some foxfire!
The foxfire hits the orc warrior but does no damage.
The orc warrior is heavily wounded.
The orc warrior hits you from afar with a +0 glaive!!
Ouch! That really hurt!
* * * LOW HITPOINT WARNING * * *
You hear a shout! x2
You hear a shout! x2
The foxfire hits the orc warrior.
The orc warrior is heavily wounded.
The foxfire hits the orc warrior.
The orc warrior is severely wounded.
The foxfire hits the orc warrior.
The orc warrior is severely wounded.
Okay, then.
The orc warrior hits you from afar with a +0 glaive!!
You die...

.⌠..≈≈≈≈≈.)⌠
.....≈≈≈... ...).)..
≈o)... #...# #...#
#§§o# #§..#
#########''@######
##..................
##...................
##.......⌠#######⌠....
#≈....#####.....#####.
#≈...##....≈≈≈≈≈....##
#≈...#.⌠.≈≈≈...≈≈≈.⌠.#
#≈.))#..≈≈.)≈.≈).≈≈..#
#≈..⌠#)≈≈.≈≈≈.≈≈≈.≈≈.#


You could see 2 orc warriors.

Vanquished Creatures
  Edmund (D:4)
  An orc warrior (Bailey)
  2 centaurs (Bailey)
  A scorpion (D:3)
  2 orc priests
  A gnoll shaman (D:7)
  An iguana (D:4)
  4 adders
  14 gnolls
  An ufetubus (D:4)
  2 worms
  A dart slug (D:1)
  27 orcs
  3 endoplasms
  2 giant cockroaches
  3 goblins
  8 hobgoblins
  11 jackals
  A quokka (D:1)
  6 ball pythons
  7 bats
  5 frilled lizards
  12 kobolds
  6 rats
122 creatures vanquished.

Vanquished Creatures (others)
  587 foxfires
587 creatures vanquished.

Grand Total: 709 creatures vanquished

Notes
Turn   | Place    | Note
-------+----------+-------------------------------------------
     0 | D:1      | robertstho the Djinni Fire Elementalist began the quest for
                  | the Orb.
     0 | D:1      | Reached XP level 1. HP: 15/15 MP: 0/0
   431 | D:1      | Reached XP level 2. HP: 20/21 MP: 0/0
   486 | D:1      | Found a faded altar of an unknown god.
  1123 | D:1      | Reached skill level 3 in Spellcasting
  1250 | D:1      | Reached XP level 3. HP: 21/25 MP: 0/0
  1250 | D:1      | Learned a level 1 spell: Pain
  1737 | D:2      | Reached XP level 4. HP: 19/31 MP: 0/0
  2483 | D:2      | Reached XP level 5. HP: 29/35 MP: 0/0
  2483 | D:2      | Learned a level 2 spell: Blink
  2653 | D:2      | Reached skill level 4 in Spellcasting
  3349 | D:3      | Reached XP level 6. HP: 26/40 MP: 0/0
  3619 | D:3      | Reached skill level 1 in Short Blades
  3740 | D:3      | Found a white marble altar of Elyvilon.
  4634 | D:4      | Noticed Edmund
  4655 | D:4      | Killed Edmund
  4656 | D:4      | Reached skill level 5 in Spellcasting
  4656 | D:4      | Reached XP level 7. HP: 13/45 MP: 0/0
  4656 | D:4      | Learned a level 3 spell: Spider Form
  5017 | D:4      | You are sucked into a shaft and drop 3 floors!
  5331 | D:7      | Found a flagged portal.
  5340 | Bailey   | Entered a bailey
  5610 | Bailey   | Reached skill level 6 in Spellcasting
  5610 | Bailey   | Reached XP level 8. HP: 32/50 MP: 0/0
  6075 | Bailey   | Mangled by an orc warrior

Illustrated notes

Levels and vault maps discovered:
D:1:      nicolae_arrival_memento_mori, layout_basic, basic_ecumenical_altar
D:2:      layout_basic
D:3:      kennysheep_big_flooded_room, layout_basic,
          mainiacjoe_overflow_alcove_2
D:4:      layout_basic, abandoned_shop, uniq_edmund
D:7:      layout_basic, enter_bailey_6, serial_shops, nicolae_shop_stone,
          minmay_misc_feat_encased, minmay_misc_feat_iff,
          nicolae_inconvenience_store, grunt_decor_junction, nrook_loot_triangle
Bailey:   bailey_polearm_flooded_kennysheep, bailey

Skill      XL: |  1  2  3  4  5  6  7 |
---------------+----------------------+-----
Spellcasting   | 3 4 5 6 |  6.4
Stealth        | 2 |  2.7
Short Blades   | 1 |  1.2
Dodging        | 3 |  3.2
Fighting       | |  0.3

Action                   |  1- 3 |  4- 6 |  7- 9 || total
-------------------------+-------+-------+-------++-------
Melee: Dagger            |       |    10 |     1 ||    11
 Cast: Foxfire           |    82 |   175 |   106 ||   363
       Sticky Flame      |       |     2 |     1 ||     3
       Pain              |       |       |     1 ||     1
  Use: Scroll            |       |     3 |     2 ||     5
Armor: Robe              |     1 |     8 |     3 ||    12
Dodge: Dodged            |     3 |    26 |     4 ||    33

Table legend: (Time is in decaauts)
 A = Elapsed time spent in this place.
 B = Non-inter-level travel time spent in this place.
 C = Inter-level travel time spent in this place.
 D = Time resting spent in this place.
 E = Time spent auto-exploring this place.
 F = Levels seen in this place.
 G = Mean time per level.
                   A        B        C        D        E       F      G
               +--------+--------+--------+--------+--------+-----+--------+
         Total |   6070 |   5994 |     76 |    327 |   4854 |   6 | 1011.7 |
       Dungeon |   5335 |   5259 |     76 |      0 |   4563 |   5 | 1067.0 |
        Bailey |    734 |    734 |      0 |    327 |    291 |   1 |  734.0 |
               +--------+--------+--------+--------+--------+-----+--------+

Top non-repeatable levels by time:
     D:1: 1709 daAuts
     D:2: 1595 daAuts
     D:3: 1085 daAuts
  Bailey: 734 daAuts
     D:4: 623 daAuts
     D:7: 321 daAuts
